 Dungeon Crawl Stone Soup version 0.29-a0-2-g12fcac58f8 (webtiles) character file.

Game seed: 5788263637364205250

113 testman the Chopper (level 4, -1/40 HPs)
             Began as a Palentonga Berserker on Jan 26, 2022.
             Was a Believer of Trog.
             Succumbed to Ijyb's poison
             ... on level 3 of the Dungeon.
             The game lasted 00:07:29 (2270 turns).

testman the Chopper (Palentonga Berserker)          Turns: 2270, Time: 00:07:29

Health: -1/40      AC:  5    Str: 23      XL:     4   Next: 65%
Magic:  4/4        EV:  9    Int:  4 (7)  God:    Trog [**....]
Gold:   142        SH:  0    Dex:  7 (9)  Spells: 3/3 levels left

rFire   . . .      SeeInvis +   a - +0 hand axe
rCold   . . .      Faith    .   (no shield)
rNeg    . . .      Spirit   .   b - +0 animal skin
rPois   .          Reflect  .   (no helmet)
rElec   .          Harm     .   (no cloak)
rCorr   .          Rampage  .   f - +0 pair of gloves
Will    +++..                   (no barding)
Stlth   +.........              (no amulet)
HPRegen 1.93/turn               o - ring of willpower
MPRegen 0.09/turn               (no ring)

@: lethally poisoned (-1 -> -18), strong-willed, regenerating
A: large, rugged brown scales 3, see invisible, deformed body, roll 1, armoured
tail, regeneration 1, MP-powered wands
a: Rolling Charge, Renounce Religion, Berserk, Trog's Hand


You were on level 3 of the Dungeon.
You worshipped Trog.
Trog was pleased with you.
You visited 1 branch of the dungeon, and saw 3 of its levels.

You collected 142 gold pieces.

Inventory:

Hand Weapons
 a - a +0 hand axe (weapon)
 l - a +0 hunting sling
Missiles
 d - 66 stones
 m - 30 sling bullets
 n - 3 poisoned darts
Armour
 b - a +0 animal skin (worn)
 f - a +0 pair of gloves (worn)
Jewellery
 o - a ring of willpower (left hand)
Wands
 k - a wand of digging (5)
Scrolls
 c - a scroll of holy word {unknown}
 e - 3 scrolls of teleportation {unknown}
 g - a scroll of magic mapping {unknown}
 h - a scroll of blinking {unknown}
 i - 3 scrolls of immolation {unknown}
Potions
 j - a potion of cancellation {unknown}


   Skills:
 + Level 4.4 Fighting
 + Level 4.4 Axes
 - Level 1.5 Armour
 - Level 1.5 Dodging


You had 3 spell levels left.
You didn't know any spells.
Your spell library was empty.

Dungeon Overview and Level Annotations

Branches:
Dungeon (3/15)

Altars:

Annotations:
D:3 Ijyb


Innate Abilities, Weirdness & Mutations

You are completely covered in rugged brown scales. (AC +3, +7% HP)
You have supernaturally acute eyesight. (SInv)
Armour fits poorly on your strangely shaped body.
You can roll at nearby foes to attack.
You have a long armoured tail.
Your natural rate of healing is unusually fast.
You expend magic power (3 MP) to strengthen your wands.


Message History

Ijyb the Twisted Goblin comes into view.
She is wielding a +5 dagger of venom and carrying a wand of digging (1).
Found 9 gold pieces.
Ijyb shouts!
Ijyb zaps a wand.
You hear a grinding noise.
The now-empty wand crumbles to dust.
Roll where?
Press: ? - help, Q - select action, (/) - cycle Dir - move target, f - Ijyb
Aim: Ijyb, wielding a +5 dagger of venom and wearing a +0 leather armour You roll forward with a clatter of scales!
You hit Ijyb but do no damage.
Ijyb hits you with a +5 dagger of venom.
You are poisoned.
You hit Ijyb.
Ijyb is lightly wounded.
You feel very sick.
Ijyb hits you with a +5 dagger of venom.
You barely miss Ijyb.
Ijyb is lightly wounded.
You feel sick.
Ijyb hits you with a +5 dagger of venom.
You hit Ijyb but do no damage. You tail-slap Ijyb, but do no damage.
Ijyb is lightly wounded.
You feel sick.
Ijyb hits you with a +5 dagger of venom.
You are more poisoned.
You are too injured to fight recklessly!
You are too injured to fight recklessly!
You fail to use your ability.
You feel very sick.
Ijyb hits you with a +5 dagger of venom!
* * * LOW HITPOINT WARNING * * *
You are lethally poisoned!
Your skin crawls.
You feel strong-willed.
* * * LOW HITPOINT WARNING * * *
You feel very sick. Ijyb hits you but does no damage.
You are more poisoned.
You die...

......'.# #########
#..#.≈#.#####.......####...
.....≈#.........#......<..≈
≈..≈≈≈#######...#.#.####..
#++#### ########.#.#
.........#.# ######.##.#
.## #.##.# ... #@##.# ###
#....# #g.### $.## ##.# #.#
#.# #.# #.#


You could see Ijyb.

Vanquished Creatures
  Jessica (D:2)
  2 adders (D:2)
  4 worms
  8 endoplasms
  4 giant cockroaches
  6 goblins
  5 hobgoblins
  7 ball pythons
  5 bats
  4 frilled lizards
  6 kobolds
  4 rats
56 creatures vanquished.

Notes
Turn   | Place    | Note
-------+----------+-------------------------------------------
     0 | D:1      | testman the Palentonga Berserker began the quest for the
                  | Orb.
     0 | D:1      | Reached XP level 1. HP: 19/19 MP: 1/1
    91 | D:1      | Reached XP level 2. HP: 10/25 MP: 2/2
   786 | D:1      | Reached XP level 3. HP: 28/31 MP: 3/3
  1047 | D:1      | Reached ** piety under Trog
  1199 | D:2      | Noticed Jessica
  1205 | D:2      | Killed Jessica
  1404 | D:2      | Reached XP level 4. HP: 18/39 MP: 4/4
  1727 | D:2      | Gained mutation: Your natural rate of healing is unusually
                  | fast. [potion of mutation]
  1727 | D:2      | Gained mutation: You expend magic power (3 MP) to
                  | strengthen your wands. [potion of mutation]
  1728 | D:2      | HP: 1/39 [adder (1)]
  2149 | D:3      | Found a faded altar of an unknown god.
  2261 | D:3      | Noticed Ijyb
  2270 | D:3      | Succumbed to Ijyb's poison

Illustrated notes

Levels and vault maps discovered:
D:1:      psy_arrival_conway, layout_loops_ring, nicolae_wormholes
D:2:      layout_loops_ring, uniq_jessica
D:3:      minmay_chambers_of_twos, layout_loops_ring,
          mainiacjoe_overflow_catwalk, hellmonk_ecumenical_altar_lost_god,
          kennysheep_generic_room_5, uniq_ijyb, uniq_sigmund

Skill      XL: |  1  2  3 |
---------------+----------+-----
Fighting       | 4 |  4.4
Axes           | 4 |  4.4
Armour         | |  1.5
Dodging        | |  1.5

Action                   |  1- 3 |  4- 6 || total
-------------------------+-------+-------++-------
Melee: Hand axe          |   110 |    73 ||   183
       Tailslap          |    10 |     6 ||    16
       Punch             |       |     2 ||     2
Invok: Berserk           |     1 |       ||     1
       Trog's Hand       |       |     2 ||     2
 Abil: Rolling Charge    |    23 |    15 ||    38
  Use: Potion            |       |     2 ||     2
Armor: Animal skin       |    35 |    24 ||    59
Dodge: Dodged            |    46 |    30 ||    76

Table legend: (Time is in decaauts)
 A = Elapsed time spent in this place.
 B = Non-inter-level travel time spent in this place.
 C = Inter-level travel time spent in this place.
 D = Time resting spent in this place.
 E = Time spent auto-exploring this place.
 F = Levels seen in this place.
 G = Mean time per level.
                   A        B        C        D        E       F      G
               +--------+--------+--------+--------+--------+-----+--------+
         Total |   2301 |   2277 |     24 |    513 |   1344 |   3 |  767.0 |
       Dungeon |   2301 |   2277 |     24 |    513 |   1344 |   3 |  767.0 |
               +--------+--------+--------+--------+--------+-----+--------+

Top non-repeatable levels by time:
     D:1: 1204 daAuts
     D:2: 937 daAuts
     D:3: 159 daAuts
